 Dungeon Crawl Stone Soup version 0.31-a0-841-g038b102fc3 (webtiles) character file.

Game seed: 14814214103187411383

46 CraigForest the Ducker (level 3, 0/18 HPs)
             Began as a Spriggan Gladiator on Sept 27, 2023.
             Slain by an iguana (14 damage)
             ... on level 3 of the Dungeon.
             The game lasted 00:05:00 (2099 turns).

CraigForest the Ducker (Spriggan Gladiator)         Turns: 2099, Time: 00:05:00

Health: 0/18       AC:  3    Str: 10    XL:     3   Next: 46%
Magic:  4/4        EV: 19    Int:  9    God:
Gold:   164        SH:  0    Dex: 18    Spells: 2/2 levels left

rFire   . . .        f - +2 short sword (vamp)
rCold   . . .        (no shield)
rNeg    . . .        b - +0 robe
rPois   .            c - +1 hat
rElec   .            (no cloak)
rCorr   .            (gloves unavailable)
SInv    +            (boots unavailable)
Will    .....        (no amulet)
Stlth   ++           (no ring)
HPRegen 0.23/turn    (no ring)
MPRegen 0.09/turn

%: no passive effects
@: very quick
A: very small, no large weapons, unfitting armour, see invisible, speed 3
a: no special abilities


You were on level 3 of the Dungeon.
You visited 1 branch of the dungeon, and saw 3 of its levels.

You collected 164 gold pieces.

Inventory:

Hand Weapons
 a - a +0 long sword
 f - a +2 vampiric short sword (weapon)
Missiles
 d - 3 throwing nets (quivered)
 e - 8 boomerangs
Armour
 b - a +0 robe (worn)
 c - a +1 hat (worn)
Talismans
 p - a serpent talisman
Scrolls
 h - 2 scrolls of enchant armour
 j - a scroll of noise {unknown}
 l - a scroll of teleportation {unknown}
 m - a scroll of immolation
 o - a scroll of poison {unknown}
Potions
 g - a potion of degeneration {unknown}
 i - a potion of heal wounds
 k - 5 potions of curing {unknown}
 n - a potion of cancellation {unknown}


   Skills:
 + Level 1.8 Fighting
 + Level 0.7(2.5) Short Blades
 + Level 2.9 Long Blades
 + Level 2.2 Throwing
 + Level 4.7 Dodging
 + Level 1.1 Stealth


You had 2 spell levels left.
You didn't know any spells.
Your spell library contained the following spells:

 Spells                   Type           Power      Damage    Failure   Level
 Stone Arrow              Conj/Erth      0%         3d7       77%         3
 Animate Armour           Summ/Erth      0%         N/A       99%         4
 Lehudib's Crystal Spear  Conj/Erth      0%         10d2      100%        8


Dungeon Overview and Level Annotations

Branches:
Dungeon (3/15)

Altars:

Shops:
D:3 *


Innate Abilities, Weirdness & Mutations

You are very small and have problems with some larger weapons.
You are too small for most types of armour.
You have supernaturally acute eyesight. (SInv)
You cover ground extremely quickly. (Speed+++)


Message History

No target in view!
You see here a +0 robe.
An orc comes into view. It is wielding a +0 flail.
Found a fuming green potion.
The orc shouts!
Found Ubrefed's General Store.
Found 13 gold pieces.
You closely miss the orc. The orc completely misses you.
You hit the orc. You punch the orc.
You kill the orc!
An iguana comes into view.
Found 4 gold pieces.
Things that are here:
a +0 flail; a +0 leather armour The iguana hisses angrily.
You hit the iguana.
The iguana is lightly wounded.
The iguana completely misses you.
You hit the iguana but do no damage.
The iguana is lightly wounded.
You hit the iguana.
The iguana is heavily wounded.
The iguana closely misses you.
You barely miss the iguana.
The iguana is heavily wounded.
The iguana bites you.
You hit the iguana.
The iguana is severely wounded.
The iguana closely misses you.
You hit the iguana but do no damage.
The iguana is severely wounded.
The iguana barely misses you.
You barely miss the iguana.
The iguana is severely wounded.
The iguana misses you.
You hit the iguana but do no damage.
The iguana is severely wounded.
The iguana bites you!
Ouch! That really hurt!
You die...

## ...######
......$## .
#...#..# ...#.#...#
...$∩...!#######
#l@.).....#
#...#.######.#
........# #[#
###...#.### #.#
..... #.# ##.#
........#.# #..#
........#.# #.##
#............#.#
#.##########
#............#.####
#.#.........


You could see an iguana.

Vanquished Creatures
  2 worms (D:3)
  3 dart slugs
  An orc (D:3)
  4 endoplasms
  A giant cockroach (D:1)
  A hobgoblin (D:3)
  A quokka (D:2)
  5 ball pythons (D:1)
  4 bats
  A frilled lizard (D:1)
  7 goblins
  A kobold (D:1)
  2 rats (D:1)
33 creatures vanquished.

Notes
Turn   | Place    | Note
-------+----------+-------------------------------------------
     0 | D:1      | CraigForest the Spriggan Gladiator began the quest for the
                  | Orb.
     0 | D:1      | Reached XP level 1. HP: 10/10 MP: 2/2
   110 | D:1      | Reached XP level 2. HP: 15/15 MP: 3/3
   711 | D:2      | Reached XP level 3. HP: 18/18 MP: 4/4
  1083 | D:2      | Found a faded altar of an unknown god.
  1928 | D:3      | Reached skill level 1 in Stealth
  2085 | D:3      | Found Ubrefed's General Store.
  2099 | D:3      | Slain by an iguana

Illustrated notes

Levels and vault maps discovered:
D:1:      dpeg_arrival_rooms_b, layout_basic
D:2:      layout_basic, serial_forest, infiniplex_forest_clump_curved,
          infiniplex_forest_clump_small, infiniplex_forest_end_3,
          infiniplex_forest_straight_2, infiniplex_forest_clump_long,
          nicolae_ecumenical_oubliette
D:3:      layout_loops_ring, serial_shops, nicolae_shop_advertising_works
          [nicolae_subvault_shop_adworks]

Skill      XL: |  1  2  3 |
---------------+----------+-----
Stealth        | 1 |  1.1
Fighting       | |  1.8
Short Blades   | |  0.7
Long Blades    | |  2.9
Throwing       | |  2.2
Dodging        | |  4.7

Action                     || total
---------------------------++-------
  Melee: Long sword        ||    16
         Short sword       ||   391
         Punch             ||     9
    Use: Scroll            ||     5
   Stab: Sleeping          ||     1
 Armour: Robe              ||    25
  Dodge: Dodged            ||    70

Table legend: (Time is in decaauts)
 A = Elapsed time spent in this place.
 B = Non-inter-level travel time spent in this place.
 C = Inter-level travel time spent in this place.
 D = Time resting spent in this place.
 E = Time spent auto-exploring this place.
 F = Levels seen in this place.
 G = Mean time per level.
                   A        B        C        D        E       F      G
               +--------+--------+--------+--------+--------+-----+--------+
         Total |   1417 |   1366 |     51 |      0 |    816 |   3 |  472.3 |
       Dungeon |   1417 |   1366 |     51 |      0 |    816 |   3 |  472.3 |
               +--------+--------+--------+--------+--------+-----+--------+

Top non-repeatable levels by time:
     D:2: 805 daAuts
     D:1: 413 daAuts
     D:3: 197 daAuts
